 Dungeon Crawl Stone Soup version 0.21-a0-28-g9a7844a (webtiles) character file.

141725 Chiseanne the Brawler (level 16, -3/158 HPs)
             Began as a Troll Monk on May 26, 2017.
             Was the Champion of Wu Jian.
             Slain by a ghost moth (8 damage)
             ... on level 4 of the Spider Nest.
             The game lasted 01:37:43 (24839 turns).

Chiseanne the Brawler (Troll Monk)                 Turns: 24839, Time: 01:37:44

Health: -3/158     AC:  9    Str: 30 (32) XL:     16   Next: 78%
Magic:  0/16       EV: 23    Int:  4 (6)  God:    Wu Jian [******]
Gold:   964        SH: 23    Dex: 17      Spells: 17/17 levels left

rFire    . . .     SeeInvis +     - Unarmed
rCold    . . .     Gourm    +   u - +5 shield
rNeg     . . .     Faith    .   y - +2 robe "Kudec" {Str+9}
rPois    .         Spirit   +   K - +2 hat {MR+}
rElec    .         Reflect  +   w - scarf {Spirit}
rCorr    .         Harm     .   (gloves unavailable)
MR       ++...                  (boots unavailable)
Stlth    ++........             W - +4 amulet of reflection
Regen    0.8/turn               i - +4 ring of evasion
MPRegen  0.2/turn               D - ring of see invisible

@: lethally poisoned (-3 -> -23), very slightly contaminated
A: unfitting armour, claws 3, fast metabolism 3, gourmand, regeneration 1,
shaggy fur 1, tough skin 2
a: Serpent's Lash, Heavenly Storm, Renounce Religion


You were on level 4 of the Spider Nest.
You worshipped Wu Jian.
Wu Jian was exalted by your worship.
You were very full.

You visited 5 branches of the dungeon, and saw 28 of its levels.
You also visited: Sewer and Volcano.

You collected 2839 gold pieces.
You spent 1875 gold pieces at shops.

Inventory:

Hand Weapons
 a - a +4 scimitar of flaming
Missiles
 f - 4 javelins of penetration (quivered)
 j - 12 javelins
 v - 62 tomahawks
 H - 12 poisoned tomahawks
Armour
 u - a +5 shield (worn)
 w - a scarf of spirit shield (worn)
 y - the +2 robe "Kudec" (worn) {Str+9}
   (You found it on level 11 of the Dungeon)

   It affects your strength (+9).
 K - a +2 hat of magic resistance (worn)
Jewellery
 i - a +4 ring of evasion (left claw)
 z - an uncursed ring of magical power
 D - a ring of see invisible (right claw)
 J - a +5 ring of strength
 W - a +4 amulet of reflection (around neck)
Wands
 P - a wand of disintegration (17/24)
Scrolls
 g - 3 scrolls of recharging
 l - 6 scrolls of teleportation
 n - 18 scrolls of identify
 q - 7 scrolls of remove curse
 O - 3 scrolls of fog
 R - 3 scrolls of fear
 X - 2 scrolls of magic mapping
Potions
 e - a potion of haste
 k - 8 potions of flight
 o - 10 potions of curing
 p - 4 potions of heal wounds
 s - 2 potions of ambrosia
 x - a potion of cancellation
 A - a potion of resistance
 C - 2 potions of invisibility
 E - a potion of berserk rage
 I - 4 potions of agility
 Z - 3 potions of magic
Miscellaneous
 Q - a lamp of fire (inert)
 U - a phial of floods (inert)
Comestibles
 b - 12 bread rations
 c - 24 fruits
 d - 4 chunks of flesh
 h - 7 meat rations
 M - 26 royal jellies


   Skills:
 - Level 10.0 Fighting
 * Level 10.1 Throwing
 * Level 13.3 Dodging
 - Level 1.0 Stealth
 * Level 12.6 Shields
 * Level 15.3 Unarmed Combat
 - Level 1.3 Spellcasting


You had 17 spell levels left.
You didn't know any spells.

Dungeon Overview and Level Annotations

Branches:
Dungeon (15/15)            Temple (1/1) D:7            Lair (6/6) D:11
  Swamp (0/4) Lair:3       Spider (4/4) Lair:2        Slime (0/5) Lair:5
    Orc (2/2) D:12            Elf (0/3) Orc:2        Vaults (0/5) D:14
 Depths (0/5) D:15

Altars:
Ashenzari
Cheibriados
Dithmenos
Elyvilon
Fedhas
Gozag
Hepliaklqana
Kikubaaqudgha
Makhleb
Nemelex Xobeh
Okawaru
Qazlal
Ru
Sif Muna
Trog
Uskayaw
Vehumet
Wu Jian
Xom
Yredelemnul
Zin
The Shining One
Beogh
Jiyva

Shops:
D:4 ?   D:5 [   D:7 =   D:10 ?   D:14 *=!}*   Orc:2 [(?[?

Annotations:
Lair:1 exclusion: oklob plant
Spider:1 exclusion: downstairs


Innate Abilities, Weirdness & Mutations

You are too large for most types of armour.
You have claws for hands.
Your metabolism is lightning-fast.
You like to eat raw meat.
Your natural rate of healing is unusually fast.
You are covered in fur. (AC +1)
You have very tough skin. (AC +2)


Message History

The moth of wrath is lightly wounded.
The hornet rages.
The emperor scorpion tears through a web.
Throwing (i - inventory. (,) - cycle):
F - a large rock (quivered)
Press: ? - help, Shift-Dir - straight line, f/p - ghost moth
Aim: a ghost moth (severely wounded, slightly transparent)
You throw a large rock. The large rock hits the ghost moth.
The ghost moth is severely wounded.
You hear a splash.
You hear an angry buzzing noise.
You block the ghost moth's attack. x3; The emperor scorpion stings you!
* * * LOW HITPOINT WARNING * * *
You are lethally poisoned!
The emperor scorpion poisons you!
The emperor scorpion claws you but does no damage.
The emperor scorpion misses you.
You hear an angry buzzing noise.
The ghost moth stares at you.
The ghost moth hits you but does no damage.
The ghost moth hits you!
You die...

#≈..#..##.. ...+ #....
#..≈#####(.. ...# ##...≈
##≈..## #..s##yy.# ###^.≈##
##...## #((# ##≈^..≈## #....#
##..# #.....##≈ ###..†.##
#≈s.#####≈..≈≈≈≈≈
##.##...≈###.y##..#....#≈≈≈#
##..≈≈≈...≈##y)##.....≈######
#...≈≈≈#.≈..@s..(≈.^.###
###≈≈#######^^...##### ####
###.≈.# #####


You could see 2 emperor scorpions, a ghost moth (invisible), a spark wasp and a
moth of wrath.

Vanquished Creatures
  Rupert (Lair:5)
  Gastronok (Lair:1)
  Frances (Spider:1)
  The ghost of Angani the Executioner, an adept HOBe of Trog (Orc:2)
  A frost giant (D:15)
  An orc warlord (Orc:2)
  An emperor scorpion (Spider:1)
  A ghost moth (Spider:4)
  A spark wasp (Spider:4)
  Snorg (Lair:3)
  5 hydras
  4 vault guards (D:14)
  A catoblepas (Lair:6)
  Erica (Lair:1)
  5 centaur warriors
  An ogre mage (D:14)
  7 two-headed ogres
  An alligator (Lair:3)
  A tengu warrior (D:14)
  6 death yaks (Lair:5)
  3 orc high priests (Orc:2)
  Nergalle (D:11)
  A hell knight (Volcano)
  2 unseen horrors
  A wizard (D:14)
  3 deep elf magi
  The ghost of Serafim the Chopper, a novice MiFi (D:7)
  5 orc knights
  15 orb spiders
  A cyclops (D:15)
  19 ugly things
  3 orc sorcerers
  13 wolf spiders
  An oklob plant (Lair:6)
  3 manticores
  A moth of wrath (Spider:4)
  9 elephants
  6 black mambas
  2 centaur zombies
  2 molten gargoyles (Volcano)
  A torpor snail (Lair:5)
  8 spiny frogs
  Joseph (Lair:1)
  3 gargoyles
  2 kobold demonologists (D:11)
  7 komodo dragons
  2 rime drakes (Lair:5)
  2 freezing wraiths (D:14)
  2 demonic crawlers
  An efreet (D:13)
  2 yaktaurs
  A harpy zombie (D:15)
  20 jumping spiders
  6 polar bears
  A queen bee (Lair:6)
  9 trolls
  2 meliai (Lair:6)
  6 hornets
  The ghost of cirnu the Chopper, an amateur DsGl of Gozag (D:4)
  11 hippogriffs
  10 slime creatures
  4 dream sheep
  Sigmund (D:6)
  24 blink frogs
  39 redbacks
  13 tarantellas
  14 spriggans (Lair:6)
  A shadow (D:13)
  2 vampires
  A fire bat (Volcano)
  2 wraiths
  45 yaks
  4 wyverns
  6 basilisks
  A human (D:14)
  A steam dragon (D:11)
  A hungry ghost (D:7)
  3 vampire mosquitoes (D:12)
  A warg (Orc:2)
  Menkaure (D:5)
  An acid dragon (D:12)
  3 insubstantial wisps
  3 soldier ants
  Duvessa (D:4)
  11 water moccasins
  10 porcupines
  3 black bears
  4 ice beasts
  41 orc warriors
  6 sky beasts
  3 phantoms
  An eye of draining (D:11)
  8 ogres
  3 boggarts (Lair:6)
  25 wolves
  5 centaurs
  18 crocodiles
  A big kobold (Sewer)
  A gnoll sergeant (D:10)
  24 bullfrogs
  A wyvern zombie (D:13)
  Dowan (D:4)
  2 wyvern skeletons (D:12)
  5 scorpions
  22 killer bees
  4 electric eels
  4 howler monkeys
  3 crimson imps
  4 bullfrog zombies
  A quasit (D:11)
  3 lava snakes (Volcano)
  5 hounds
  12 jellies
  6 centaur skeletons
  20 orc priests
  2 bullfrog skeletons
  7 iguanas
  33 orc wizards
  8 worker ants
  A killer bee zombie (D:8)
  A hound zombie (D:6)
  A hound skeleton (D:10)
  Robin (D:4)
  2 worker ant zombies
  6 gnolls
  14 adders
  2 river rats (Sewer)
  2 shadow imps
  A white imp (D:10)
  5 oozes (D:8)
  An adder zombie (D:7)
  An adder skeleton (D:4)
  4 worms
  2 dart slugs
  6 leopard geckos
  91 orcs
  3 ball pythons
  9 bats
  5 giant cockroaches
  6 hobgoblins
  10 jackals
  2 quokkas
  15 frilled lizards
  19 goblins
  11 kobolds
  2 leopard gecko skeletons
  13 rats
  5 fungi
  2 plants
954 creatures vanquished.

Vanquished Creatures (collateral kills)
  A meliai (Lair:6)
  A jumping spider (Spider:4)
  2 redbacks (Spider:4)
  5 killer bees (Lair:6)
9 creatures vanquished.

Vanquished Creatures (others)
  Donald (Spider:2)
  An orb spider (Spider:1)
  A human (D:14)
  A black bear (D:6)
  A centaur (Volcano)
  A howler monkey (D:6)
  A hound (D:6)
  An orc wizard (D:5)
  A worker ant (D:6)
  A leopard gecko (D:6)
  2 orcs (D:6)
  6 fungi
  7 plants
25 creatures vanquished.

Grand Total: 988 creatures vanquished

Notes
Turn   | Place    | Note
-------+----------+-------------------------------------------
     0 | D:1      | Chiseanne the Troll Monk began the quest for the Orb.
     0 | D:1      | Reached XP level 1. HP: 22/22 MP: 0/0
   194 | D:1      | Reached XP level 2. HP: 28/29 MP: 1/1
   700 | D:2      | Reached XP level 3. HP: 36/36 MP: 2/2
   734 | D:2      | Found a hazy altar of Hepliaklqana.
   736 | D:2      | Found an opulent altar of Gozag.
  1476 | D:3      | Found a basalt altar of Yredelemnul.
  1484 | D:3      | Reached XP level 4. HP: 43/44 MP: 4/4
  1547 | D:3      | Found a glowing drain.
  1587 | Sewer    | Entered a sewer
  1590 | Sewer    | Reached skill level 4 in Unarmed Combat
  1606 | Sewer    | Reached skill level 1 in Spellcasting
  1680 | Sewer    | Noticed a big kobold
  1705 | Sewer    | Killed a big kobold
  1705 | Sewer    | Reached XP level 5. HP: 33/53 MP: 5/5
  1751 | Sewer    | Found a white marble altar of Elyvilon.
  2436 | D:4      | Noticed Robin
  2441 | D:4      | Reached XP level 6. HP: 57/61 MP: 6/6
  2448 | D:4      | Killed Robin
  2517 | D:4      | Reached skill level 1 in Shields
  2865 | D:4      | Noticed Dowan
  2866 | D:4      | Noticed Duvessa
  2891 | D:4      | Killed Duvessa
  2891 | D:4      | Reached skill level 5 in Unarmed Combat
  2895 | D:4      | Reached XP level 7. HP: 56/68 MP: 7/7
  2900 | D:4      | Killed Dowan
  3008 | D:4      | Noticed cirnu's ghost (amateur DsGl)
  3031 | D:4      | Killed cirnu's ghost
  3081 | D:4      | Found a stormy altar of Qazlal.
  3141 | D:4      | Found Amiduute's Magic Scroll Boutique.
  3149 | D:4      | Bought a scroll of summoning for 95 gold pieces
  3149 | D:4      | Bought a scroll of recharging for 95 gold pieces
  3226 | D:4      | Noticed an angel
  3227 | D:4      | Found a glowing silver altar of Zin.
  3332 | D:4      | Reached XP level 8. HP: 75/79 MP: 8/8
  3403 | D:5      | Entered Level 5 of the Dungeon
  3652 | D:5      | Noticed Menkaure
  3676 | D:5      | Killed Menkaure
  3676 | D:5      | Reached skill level 6 in Unarmed Combat
  3825 | D:5      | Found Hamuw's Antique Armour Boutique.
  4049 | D:5      | Reached skill level 5 in Dodging
  4189 | D:5      | Found a deep blue altar of Sif Muna.
  4339 | D:5      | Reached skill level 5 in Fighting
  4631 | D:6      | Found a sparkling altar of Nemelex Xobeh.
  4778 | D:6      | Found a shimmering altar of Xom.
  4803 | D:6      | Noticed Sigmund
  4809 | D:6      | Killed Sigmund
  4809 | D:6      | Reached XP level 9. HP: 85/88 MP: 9/9
  4944 | D:6      | Found a shattered altar of Ashenzari.
  4968 | D:6      | Reached skill level 7 in Unarmed Combat
  5398 | D:7      | Found a glowing golden altar of the Shining One.
  5665 | D:7      | Found a snail-covered altar of Cheibriados.
  5805 | D:7      | Found Uliblo's Jewellery Emporium.
  5840 | D:7      | Found a staircase to the Ecumenical Temple.
  5846 | D:7      | Noticed Serafim's ghost (novice MiFi)
  5856 | Temple   | Entered the Ecumenical Temple
  5935 | Temple   | Became a worshipper of the Wu Jian Council
  5935 | Temple   | Reached * piety under Wu Jian
  5935 | Temple   | Reached ** piety under Wu Jian
  5967 | D:7      | Killed Serafim's ghost
  5967 | D:7      | Reached skill level 5 in Shields
  6320 | D:7      | Reached skill level 8 in Unarmed Combat
  6603 | D:8      | Found a sparkling altar of Nemelex Xobeh.
  6611 | D:8      | Reached XP level 10. HP: 100/100 MP: 10/10
  7082 | D:9      | Noticed a two-headed ogre
  7100 | D:8      | Killed a two-headed ogre
  7431 | D:9      | Reached *** piety under Wu Jian
  7792 | D:10     | Entered Level 10 of the Dungeon
  7984 | D:10     | Noticed a two-headed ogre
  7990 | D:10     | Killed a two-headed ogre
  7990 | D:10     | Reached skill level 9 in Unarmed Combat
  8173 | D:10     | Found Fiottah's Magic Scroll Emporium.
  8187 | D:10     | Bought a scroll of identify for 32 gold pieces
  8187 | D:10     | Bought a scroll of identify for 32 gold pieces
  8187 | D:10     | Bought a scroll of identify for 32 gold pieces
  8187 | D:10     | Bought a scroll of identify for 32 gold pieces
  8260 | D:10     | Found a white marble altar of Elyvilon.
  8269 | D:10     | Noticed a gargoyle
  8277 | D:10     | Killed a gargoyle
  8427 | D:10     | Reached XP level 11. HP: 108/109 MP: 11/11
  8481 | D:10     | Reached **** piety under Wu Jian
  8787 | D:11     | Found a staircase to the Lair.
  8788 | D:11     | Noticed Nergalle
  8819 | D:11     | Killed Nergalle
  9011 | D:11     | Got a transparent robe
  9024 | D:11     | Identified the +2 robe "Kudec" {Str+9} (You found it on level 11 of the Dungeon)
  9098 | D:11     | Reached skill level 10 in Unarmed Combat
  9302 | D:11     | Reached ***** piety under Wu Jian
  9327 | D:11     | Killed an unseen horror
  9453 | D:11     | Noticed a sixfirhy
  9764 | D:12     | Noticed a two-headed ogre
  9787 | D:11     | Reached XP level 12. HP: 122/122 MP: 7/12
  9848 | D:11     | Killed a two-headed ogre
 10353 | D:12     | Noticed a two-headed ogre
 10363 | D:12     | Killed a two-headed ogre
 10465 | D:12     | Found a staircase to the Orcish Mines.
 10620 | D:12     | Reached skill level 11 in Unarmed Combat
 10629 | D:12     | Noticed a two-headed ogre
 10636 | D:12     | Killed a two-headed ogre
 10904 | D:13     | Noticed a seven-headed hydra
 10909 | D:13     | Noticed a centaur warrior
 10920 | D:13     | Killed a one-headed hydra
 10925 | D:13     | Killed a centaur warrior
 11104 | D:13     | Found a hazy altar of Hepliaklqana.
 11439 | D:13     | Noticed a two-headed ogre
 11452 | D:13     | Killed a two-headed ogre
 11463 | D:14     | Paralysed by a hornet for 1 turns
 11466 | D:14     | Reached skill level 10 in Dodging
 11466 | D:14     | Reached XP level 13. HP: 104/133 MP: 13/13
 11525 | D:14     | Found Wuuxt's Jewellery Emporium.
 11533 | D:14     | Bought a cursed -2 ring of protection for 24 gold pieces
 11533 | D:14     | Bought a cursed ring of teleportation for 54 gold pieces
 11538 | D:14     | Found Widd's Distillery.
 11544 | D:14     | Bought a potion of resistance for 150 gold pieces
 11544 | D:14     | Bought a potion of ambrosia for 120 gold pieces
 11544 | D:14     | Bought a potion of agility for 60 gold pieces
 11853 | D:14     | Reached skill level 10 in Fighting
 11880 | D:14     | Reached skill level 1 in Throwing
 12047 | D:14     | Found Weutikluat's General Store.
 12093 | D:14     | Reached skill level 12 in Unarmed Combat
 12159 | D:14     | Found Istuupoxono's Gadget Emporium.
 12224 | D:14     | Found a sacrificial altar of Ru.
 12239 | D:14     | Found Vuitzyi's Assorted Antiques.
 12599 | D:14     | Reached ****** piety under Wu Jian
 12617 | D:14     | Found a gate to the Vaults.
 13021 | D:15     | Entered Level 15 of the Dungeon
 13220 | D:15     | Reached XP level 14. HP: 137/143 MP: 14/14
 13392 | D:15     | Reached skill level 10 in Shields
 13603 | D:15     | Found a staircase to the Depths.
 13603 | D:15     | Noticed a frost giant
 13614 | D:15     | Killed a frost giant
 13619 | D:15     | Reached skill level 5 in Throwing
 13765 | D:14     | Bought a potion of magic for 120 gold pieces
 13765 | D:14     | Bought a potion of curing for 45 gold pieces
 13833 | Orc:1    | Entered Level 1 of the Orcish Mines
 14009 | D:12     | Reached skill level 13 in Unarmed Combat
 14589 | Orc:2    | Entered Level 2 of the Orcish Mines
 14794 | Orc:2    | Found a roughly hewn altar of Beogh.
 14930 | Orc:2    | Found a roughly hewn altar of Beogh.
 15040 | Orc:2    | Found a roughly hewn altar of Beogh.
 15041 | Orc:2    | Found Inumao Vixke's Magic Scroll Boutique.
 15245 | Orc:2    | Found a staircase to the Elven Halls.
 15293 | Orc:2    | Found Leurros's Magic Scroll Emporium.
 15341 | Orc:2    | Found a roughly hewn altar of Beogh.
 15370 | Orc:2    | Found Bidaatac's Armour Boutique.
 15455 | Orc:2    | Noticed an orc warlord
 15480 | Orc:2    | Killed an orc warlord
 15515 | Orc:2    | Found Waptesol's Antique Armour Boutique.
 15517 | Orc:2    | Found a roughly hewn altar of Beogh.
 15541 | Orc:2    | Found Dokku's Antique Weapon Shop.
 15590 | Orc:2    | Noticed Angani's ghost (adept HOBe)
 15614 | Orc:2    | Killed Angani's ghost
 15677 | Orc:2    | Found a roughly hewn altar of Beogh.
 15882 | Orc:2    | Bought a scroll of acquirement for 676 gold pieces
 15886 | Orc:2    | Bought a scroll of identify for 26 gold pieces
 15886 | Orc:2    | Bought a scroll of identify for 26 gold pieces
 15932 | Orc:2    | Bought a scroll of identify for 32 gold pieces
 15932 | Orc:2    | Bought a scroll of identify for 32 gold pieces
 15932 | Orc:2    | Bought a scroll of identify for 32 gold pieces
 15932 | Orc:2    | Bought a scroll of identify for 32 gold pieces
 15932 | Orc:2    | Bought a scroll of identify for 32 gold pieces
 15935 | Orc:2    | Bought 3 scrolls of identify for 96 gold pieces
 16149 | Lair:1   | Entered Level 1 of the Lair of Beasts
 16184 | Lair:1   | Noticed Gastronok
 16202 | Lair:1   | Killed Gastronok
 16520 | Lair:1   | Noticed Erica
 16533 | Lair:1   | Killed Erica
 16781 | Lair:1   | Noticed Joseph
 16785 | Lair:1   | Killed Joseph
 17002 | Lair:2   | Found a hole to the Spider Nest.
 17780 | Lair:3   | Noticed Snorg
 17794 | Lair:3   | Killed Snorg
 17794 | Lair:3   | Reached XP level 15. HP: 138/149 MP: 15/15
 17970 | Lair:3   | Found a dark tunnel.
 17983 | Volcano  | Entered a volcano
 18114 | Volcano  | Found a bloodstained altar of Trog.
 18478 | Lair:3   | Found a staircase to the Swamp.
 20011 | Lair:5   | Found a viscous altar of Jiyva.
 20011 | Lair:5   | Found a staircase to the Slime Pits.
 20021 | Lair:5   | Reached skill level 14 in Unarmed Combat
 20161 | Lair:5   | Noticed Rupert
 20178 | Lair:5   | Killed Rupert
 20816 | Lair:6   | Entered Level 6 of the Lair of Beasts
 21788 | Lair:6   | Paralysed by a hornet for 2 turns
 21818 | Lair:6   | Reached XP level 16. HP: 72/158 MP: 15/16
 22773 | Spider:1 | Entered Level 1 of the Spider Nest
 22881 | Spider:1 | Noticed Frances
 22912 | Spider:1 | Killed Frances
 23212 | Spider:2 | Noticed Donald
 23217 | Spider:2 | Killed Donald
 23459 | Spider:4 | Entered Level 4 of the Spider Nest
 23640 | Spider:4 | Reached skill level 15 in Unarmed Combat
 24195 | Spider:4 | Reached skill level 10 in Throwing
 24839 | Spider:4 | HP: 5/158 [emperor scorpion (15)]
 24839 | Spider:4 | Slain by a ghost moth

Vault maps used:
D:1:      dpeg_arrival_orchard
D:2:      grunt_gozag_breadcrumbs, overflow_temple_1_default, minmay_lizard_pond
D:3:      yredelemnul_altar_generic, cheibrodos_sewer_entry_bend,
          minmay_misc_feat_hallway
D:4:      zin_angel, nicolae_overflow_hidden_temple, serial_shops, shop,
          serial_bayou_lagoon_a, uniq_robin, uniq_duvessa
D:5:      kennysheep_mini_moat, first_bread, serial_shops, nicolae_shop_stone,
          uniq_menkaure, uniq_eustachio
D:6:      ashenzari_conservatory_becter, xom_confusion_cloud,
          nemelex_spade_bored_becter, uniq_sigmund
D:7:      lemuel_crystal_altar, lemuel_doored_altar, temple_fountains,
          serial_shops, nicolae_shop_trees
D:8:      nicolae_overflow_crystal_walls, hangedman_little_slice_of_home
D:9:      cheibrodos_helix_gallery
D:10:     basic_altar, serial_shops, nicolae_shop_window_shopping,
          roderic_nine_men_s_morris, minmay_fire_ice_demons
D:11:     minmay_lair_entry_grove, minmay_misc_feat_tower, hangedman_misty_isle,
          uniq_nergalle
D:12:     david_orc_3, grunt_decor_cap
D:13:     basic_altar
D:14:     grunt_vaults_entry_fortified, serial_shops, shop, shop, shop, shop,
          shop, minmay_misc_feat_iff, hangedman_ru_absence
D:15:     grunt_enter_depths_snipers, basic_altar, minivault_26
Temple:   jpeg_temple_clearing
Lair:1:   serial_bayou_shore_b, minmay_lair_oklob_chamber, grunt_megastairs_5,
          uniq_joseph, uniq_gastronok, uniq_erica
Lair:2:   spider_nest_entry_web_field
Lair:3:   swamp_mist, lightli_volcano_entry_magma_tube, grunt_megastairs_1,
          uniq_snorg
Lair:4:   infiniplex_staircase_pool_2
Lair:5:   dpeg_slime_entry_enclosed_altar, minivault_11, uniq_rupert
Lair:6:   minmay_lair_end_enchanted_forest, special_room, serial_bayou_shore_a
Spider:1: spider_trap, uniq_frances
Spider:2: nicolae_spider_cling_ruins, uniq_arachne, uniq_donald
Spider:3: uniq_aizul
Spider:4: spider_rune_water
Orc:1:    nicolae_orc_rockfall
Orc:2:    grunt_orc_community_town_hall, grunt_orc_community_big_house_2,
          grunt_orc_community_big_house_1, grunt_orc_community_house_1,
          grunt_orc_community_house_2, grunt_orc_community_house_1,
          grunt_orc_community_house_2, serial_shops, nicolae_shop_behind_doors
Sewer:    sewer_kobolds
Volcano:  volcano_lake

Skill      XL: |  1  2  3  4  5  6  7  8  9 10 11 12 13 14 15 16 |
---------------+-------------------------------------------------+-----
Unarmed Combat | 4 5 6 8 9 10 11 12 13 14 15 | 15.3
Spellcasting   | 1 |  1.3
Dodging        | 3 4 5 6 7 9 10 11 12 13 | 13.3
Fighting       | 3 4 5 6 7 8 9 10 | 10.0
Shields        | 1 2 4 5 6 7 8 9 11 12 | 12.6
Throwing       | 4 6 9 10 | 10.1
Stealth        | |  1.0

Action                   |  1- 3 |  4- 6 |  7- 9 | 10-12 | 13-15 | 16-18 || total
-------------------------+-------+-------+-------+-------+-------+-------++-------
Melee: Unarmed           |   171 |   197 |   337 |   701 |  1508 |   381 ||  3295
       Punch             |     1 |       |       |       |       |       ||     1
       Scimitar          |       |       |       |    10 |    25 |       ||    35
 Fire: Blowgun           |       |       |       |       |    30 |       ||    30
Throw: Javelin           |       |       |     2 |       |    18 |    31 ||    51
       Tomahawk          |       |       |       |       |    38 |    15 ||    53
       Large rock        |       |       |       |       |     8 |    31 ||    39
Invok: Serpent's Lash    |       |       |       |     1 |       |       ||     1
       Heavenly Storm    |       |       |       |       |     3 |       ||     3
Evoke: Wand              |       |       |       |     4 |     2 |       ||     6
       Lamp of fire      |       |       |       |       |     2 |     1 ||     3
       Phial of floods   |       |       |       |       |     1 |     1 ||     2
  Use: Scroll            |     9 |     1 |     8 |    12 |    15 |     4 ||    49
       Potion            |       |     1 |     3 |       |    11 |     5 ||    20
 Stab: Sleeping          |     2 |     3 |     3 |     5 |    16 |     4 ||    33
  Eat: Chunk             |    19 |    13 |    33 |    51 |    95 |    27 ||   238
Armor: Robe              |    44 |    54 |       |    43 |    76 |    38 ||   255
       Steam dragon scal |       |    13 |    49 |    45 |       |       ||   107
Dodge: Dodged            |    71 |    67 |    71 |   191 |   387 |   173 ||   960
Block: Shield            |       |    51 |   185 |   519 |  1278 |   420 ||  2453
       Reflection        |       |       |     3 |    10 |    34 |     5 ||    52
       Rpst.: Scimitar   |       |       |       |     1 |     2 |       ||     3
